Arrhythmia, neutral female human Tourist ----- --- ------------- ----- .\.( ..| |...........| |{<.|# ---------- .. ......| |...........| #-...|# #-........| ### .....GhokG| |...........| #|...|# |........| #@h)###(.o......hhhoo| -.----------- #-----# #-........| Z ### ---------- -- ######### ## # #----.----- ### # # # ## # # # ### # # # # ### ############################################ --.---------# # # ## #----- |...........# # # -.------ ###|...| |..........|#################|.......#### |...| |..........|# # # |......| ### |...+ |..........|# # # |......| ##....| |0..>....(.|# # ------# -------- |...| ------------ # |....|# ----- ##.....-# ------ Arrhythmia the Excursionist Experience level: 6 Strength: 25 Dexterity: 14 Constitution: 15 Intelligence: 10 Wisdom: 9 Charisma: 14 Health: 0(48) Energy: 26(26) AC: 6 Gold: 575 Moves: 1788 Your Inventory: Coins $ - 575 gold pieces Weapons a - 30 uncursed +2 darts (in quiver) s - an [uncursed +0] crude dagger [orcish] (weapon in hand) Armor i - an uncursed +0 Hawaiian shirt (being worn) o - an [uncursed] +0 pair of gauntlets of power (being worn) E - an [uncursed] +0 studded leather armor (being worn) F - an [uncursed] +0 hooded cloak [dwarvish] (being worn) Comestibles b - an uncursed tin of newt meat c - 9 uncursed food rations d - 2 uncursed tripe rations e - 2 uncursed [stale] eggs f - 2 uncursed cream pies t - an [uncursed] lichen corpse Scrolls h - 4 uncursed scrolls of magic mapping x - an [uncursed] scroll labeled FOOBIE BLETCH [of scare monster] D - a [cursed] scroll labeled VENZAR BORGAVVE [of taming] G - an [uncursed] scroll labeled ZLORFIK [of enchant armor] Potions g - 2 uncursed potions of extra healing p - an [uncursed] dark green potion [of healing] v - a [cursed] indigo potion [of fruit juice] z - a [blessed] black potion [of monster detection] Rings n - an [uncursed] tiger eye ring [of free action] (on right hand) Wands m - an [uncursed] wand of light [0:10] Tools j - an uncursed expensive camera (0:71) k - an uncursed credit card l - an uncursed leash u - an [uncursed] expensive camera [0:85] Gems q - an [uncursed] orange gem [worthless glass] r - 3 [uncursed] red gems [worthless glass] A - an [uncursed] black gem [worthless glass] B - an [uncursed] green gem [jade] C - an [uncursed] red gem [garnet] I - an [uncursed] yellow gem [worthless glass] Spells known in the end: Name Level Category Fail Memory Your skills at the end: Fighting Skills Weapon Skills dart [Basic / Expert] Spellcasting Skills Final Attributes: You were devoutly aligned. Hunger level was 168. Your alignment was 18 / 18. Monster difficulty range was 0 - 5. Level difficulty was 5. You were immune to sleep. You were telepathic. You had free action. You were lucky (1). You are dead. Vanquished creatures: a bugbear a yellow light 2 gnome lords a gray ooze 6 elf zombies a straw golem a little dog a floating eye a kitten an iguana an acid blob a coyote a hobbit a hobgoblin a yellow mold a green mold 2 gnomes 6 jackals 2 goblins 4 grid bugs a bat 2 lichens 2 newts 41 creatures vanquished. Voluntary challenges: You were an atheist. You used a wielded weapon 36 times. You read items or engraved 3 times. You put on armor 4 times. You never genocided any monsters. You never polymorphed an object. You never changed form. You used no wishes. You wrote Elbereth's name 1 time. You never encountered a bones level. You never used any Sokoban shortcuts. Dungeon overview: The Dungeons of Doom: levels 1 to 5 Level 1 a long staircase Level 2 a fountain portal to Advent Calendar Level 3 some fountains, a sink a long staircase Level 4 a fountain Level 5 <- You were here a fountain, a throne Advent Calendar: Level 2 many trees portal to The Dungeons of Doom History has recorded: On T:1 you entered the Dungeons of Doom to retrieve the Amulet of Yendor! On T:354 you reached level 2 of The Dungeons of Doom. On T:414 you reached level 1 of Advent Calendar. On T:574 you advanced to experience level 2. On T:664 you reached level 3 of The Dungeons of Doom. On T:700 you advanced to experience level 3. On T:945 you reached level 4 of The Dungeons of Doom. On T:1057 you advanced to experience level 4. On T:1071 you advanced to experience level 5. On T:1378 you reached level 5 of The Dungeons of Doom. On T:1584 you advanced to experience level 6. Latest messages: You kill the hobgoblin! You hit the elf zombie! The elf zombie hits! [HP-5=21] You destroy the elf zombie! You hear some noises. The bugbear thrusts her crude dagger. The bugbear hits! [HP-8=13] The dart misses the bugbear. The bugbear thrusts her crude dagger. The bugbear hits! [HP-8=5] The dart hits the elf zombie! [HP+1=6] You destroy the elf zombie! You hear some noises in the distance. The bugbear thrusts her crude dagger. The bugbear hits! You die... Final status: Aloha Arrhythmia the Tourist... You died in The Dungeons of Doom on dungeon level 5 with 2200 points, and 575 pieces of gold, after 1788 moves. You were level 6 with a maximum of 48 hit points when you died.